 Dungeon Crawl Stone Soup version 0.29-a0-1033-gb6c65ffae6 (webtiles) character file.

Game seed: 9951449630306163651

26 xian the Conjurer (level 2, -1/20 HPs)
             Began as a Draconian Conjurer on Aug 15, 2022.
             Slain by a goblin
             ... wielding a +0 club
             ... led by Robin
              (2 damage)
             ... on level 2 of the Dungeon.
             The game lasted 00:01:56 (1369 turns).

xian the Conjurer (Draconian Conjurer)              Turns: 1369, Time: 00:01:56

Health: -1/20      AC:  4    Str:  9    XL:     2   Next: 89%
Magic:  2/5        EV: 16    Int: 18    God:
Gold:   124        SH:  0    Dex:  9    Spells: 2/5 levels left

rFire   . . .      SeeInvis .   c - +0 mace
rCold   . . .      Faith    .   (no shield)
rNeg    . . .      Spirit   .   (body armour unavailable)
rPois   .          Reflect  .   (helmet restricted)
rElec   .          Harm     .   (no cloak)
rCorr   .          Rampage  .   (no gloves)
Will    .....                   (no boots)
Stlth   ++........              (no amulet)
HPRegen 0.06/turn               h - +4 ring of evasion
MPRegen 0.09/turn               (no ring)

@: no status effects
A: AC +4, unfitting armour, cold-blooded
a: no special abilities


You were on level 2 of the Dungeon.
You visited 1 branch of the dungeon, and saw 2 of its levels.

You collected 124 gold pieces.

Inventory:

Hand Weapons
 c - a +0 mace (weapon)
Jewellery
 h - a +4 ring of evasion (left hand)
Scrolls
 b - 2 scrolls of teleportation {unknown}
 e - 2 scrolls of identify {unknown}
 g - a scroll of fear {unknown}
Potions
 a - 2 potions of magic
 d - a potion of curing {unknown}
 f - a potion of might {unknown}


   Skills:
 + Level 2.2 Dodging
 + Level 2.5 Stealth
 - Level 2.0 Spellcasting
 - Level 4.2 Conjurations


You had 2 spell levels left.
You knew the following spells:

 Your Spells              Type           Power      Damage    Failure   Level
a - Magic Dart            Conj           64%        1d6       3%          1
b - Searing Ray           Conj           32%        2d5       4%          2

Your spell library contained the following spells:

 Spells                   Type           Power      Damage    Failure   Level
 Dazzling Flash           Conj/Hex       18%        N/A       22%         3
 Fulminant Prism          Conj/Hex       4%         3d6       58%         4
 Iskenderun's Mystic Bla  Conj/Tloc      9%         2d4       58%         4


Dungeon Overview and Level Annotations

Branches:
Dungeon (2/15)

Altars:
Trog

Annotations:
D:2 Robin


Innate Abilities, Weirdness & Mutations

Your plain brown scales are hard. (AC +4)
You cannot fit into any form of body armour.
You are cold-blooded and may be slowed by cold attacks.


Message History

There is an open door here.
You hit the goblin but do no damage.
The goblin is moderately wounded.
The hobgoblin no longer looks unusually strong.
The goblin hits you with a +0 club.
Robin roars a battlecry!
The goblins go into a battle-frenzy!
The goblin misses you. The rat barely misses you.
You hit the rat.
You kill the rat!
Robin throws the goblin at you! The goblin hits you but does no damage.
The goblin barely misses you.
Unknown command.
You closely miss the goblin.
The goblin no longer looks unusually strong. x2
Robin roars a battlecry!
The goblins go into a battle-frenzy!
The goblin hits you with a +0 club. The goblin closely misses you.
The goblin hits you but does no damage.
Robin says, "Feeling lonely?"
The goblin hits you but does no damage.
You barely miss the goblin.
The goblin no longer looks unusually strong.
The goblin hits you with a +0 club. The goblin barely misses you.
Unknown command.
You barely miss the goblin. Robin throws the goblin at you!
The goblin hits you with a +0 club. The goblin closely misses you.
The goblin completely misses you.
Unknown command.
You closely miss the goblin.
Your tail-slap misses the goblin.
The goblin no longer looks unusually strong. x2
Robin roars a battlecry!
The goblins go into a battle-frenzy!
The goblin barely misses you.
A goblin comes into view. It is wielding a +0 club.
The goblin hits you but does no damage. The goblin hits you with a +0 club.
The goblin barely misses you. The goblin hits you with a +0 club.
* * * LOW HITPOINT WARNING * * *
The goblin hits you with a +0 club.
You die...

#.. #.####.###gg.
#.#..#.#.)..g
#.#......gg..
##.#.##....... #####
#.>..g...g..
..#....##gg##.#...#
......g@ggg.#.#...###.
.##...g##g............
#.....#.#.#.#...###.
#.....#.#.#.#...#
....##.#.#.#.#...#
#.#####'#.#...#####
#.#. # #........####
#.#. #........# #.#.
#........# #.#.


You could see Robin, a hobgoblin (strong) and 7 goblins.

Vanquished Creatures
  An adder (D:2)
  An endoplasm (D:1)
  2 giant cockroaches (D:1)
  3 goblins
  4 hobgoblins
  2 ball pythons (D:1)
  A rat (D:2)
14 creatures vanquished.

Notes
Turn   | Place    | Note
-------+----------+-------------------------------------------
     0 | D:1      | xian the Draconian Conjurer began the quest for the Orb.
     0 | D:1      | Reached XP level 1. HP: 14/14 MP: 3/3
   298 | D:1      | Found a faded altar of an unknown god.
   312 | D:1      | Prayed at the altar of an unknown god.
   312 | D:1      | Became a worshipper of Trog the Wrathful
   312 | D:1      | Reached * piety under Trog
   313 | D:1      | Fell from the grace of Trog
   685 | D:1      | Reached XP level 2. HP: 20/20 MP: 3/5
   779 | D:1      | Learned a level 2 spell: Searing Ray
  1352 | D:2      | Noticed Robin
  1369 | D:2      | HP: 1/20 [goblin/+0 club[Robin] (6)]
  1369 | D:2      | Slain by a goblin

Illustrated notes

Levels and vault maps discovered:
D:1:      lightli_arrival_noodles, layout_basic,
          hellmonk_ecumenical_altar_zigzags, minmay_tree_intersection,
          chequers_jeans
D:2:      layout_basic, uniq_robin

Skill      XL: |  1 |
---------------+----+-----
Dodging        | 2 |  2.2
Stealth        | 2 |  2.5
Spellcasting   | |  2.0
Conjurations   | |  4.2

Action                   || total
-------------------------++-------
Melee: Mace              ||     7
 Cast: Magic Dart        ||    26
Invok: Renounce Religion ||     1
Armor: Skin              ||     5
Dodge: Dodged            ||    12

Table legend: (Time is in decaauts)
 A = Elapsed time spent in this place.
 B = Non-inter-level travel time spent in this place.
 C = Inter-level travel time spent in this place.
 D = Time resting spent in this place.
 E = Time spent auto-exploring this place.
 F = Levels seen in this place.
 G = Mean time per level.
                   A        B        C        D        E       F      G
               +--------+--------+--------+--------+--------+-----+--------+
         Total |   1370 |   1356 |     14 |      0 |   1256 |   2 |  685.0 |
       Dungeon |   1370 |   1356 |     14 |      0 |   1256 |   2 |  685.0 |
               +--------+--------+--------+--------+--------+-----+--------+

Top non-repeatable levels by time:
     D:1: 1082 daAuts
     D:2: 287 daAuts
